 Dungeon Crawl Stone Soup version 0.24.0-125-gc4c63601f3 (webtiles) character file.

Game seed: 9298359342697653652, levelgen mode: deterministic

3444 MegaHamster the Cleaver (level 9, -2/82 HPs)
             Began as a Deep Dwarf Fighter on Mar 18, 2020.
             Was a Plaything of Xom.
             Slain by a two-headed ogre
             ... wielding a +0 giant club
              (11 damage)
             ... on level 7 of the Dungeon.
             The game lasted 00:35:41 (5311 turns).

MegaHamster the Cleaver (Deep Dwarf Fighter)        Turns: 5311, Time: 00:35:43

Health: -2/82      AC: 10    Str: 23    XL:     9   Next: 77%
Magic:  3/3        EV: 10    Int:  9    God:    Xom [..*...]
Gold:   287        SH: 11    Dex: 12    Spells: 8/8 levels left

rFire    . . .     SeeInvis .   a - +0 war axe
rCold    . . .     Gourm    .   c - +0 shield
rNeg     . . .     Faith    .   b - +0 scale mail
rPois    .         Spirit   .   w - +0 helmet
rElec    .         Reflect  .   h - +0 cloak
rCorr    .         Harm     .   (no gloves)
MR       +....                  (no boots)
Stlth    ..........             (no amulet)
HPRegen  0.00/turn              (no ring)
MPRegen  0.08/turn              (no ring)

@: non-regenerating
A: damage resistance, heal wounds, sense surroundings 2, no regeneration
a: Heal Wounds, Renounce Religion


You were on level 7 of the Dungeon.
You worshipped Xom.
You were a toy of Xom.
You were not hungry.

You visited 2 branches of the dungeon, and saw 9 of its levels.

You collected 287 gold pieces.

Inventory:

Hand Weapons
 a - a +0 war axe (weapon)
 J - a +6 spear
Armour
 b - a +0 scale mail (worn)
 c - a +0 shield (worn)
 h - a +0 cloak (worn)
 w - a +0 helmet (worn)
Magical Staves
 D - an uncursed staff of energy {unknown}
Jewellery
 m - a +3 amulet of reflection {unknown}
 y - an uncursed amulet of regeneration {unknown}
 F - an uncursed amulet of the gourmand {unknown}
 I - an uncursed ring of stealth {unknown}
Wands
 s - a wand of random effects (13)
 v - a wand of clouds (7)
 z - a wand of paralysis (8)
 K - a wand of polymorph (5)
 M - a wand of flame (15)
Scrolls
 g - 8 scrolls of remove curse {unknown}
 i - a scroll of blinking {unknown}
 j - 2 scrolls of fog {unknown}
 k - 3 scrolls of enchant weapon {unknown}
 n - 2 scrolls of fear {unknown}
 p - 5 scrolls of identify {unknown}
 q - 3 scrolls of enchant armour {unknown}
 x - 4 scrolls of amnesia {unknown}
 E - a scroll of random uselessness {unknown}
 H - a scroll of immolation {unknown}
 L - a scroll of noise {unknown}
Potions
 d - 3 potions of might
 e - 2 potions of flight {unknown}
 l - 7 potions of curing {unknown}
 o - 2 potions of berserk rage {unknown}
 r - 3 potions of haste {unknown}
 t - a potion of mutation {unknown}
 u - 3 potions of degeneration {unknown}
 A - 2 potions of heal wounds {unknown}
 B - 2 potions of brilliance {unknown}
 C - a potion of lignification {unknown}
 G - a potion of invisibility {unknown}
Comestibles
 f - 4 rations


   Skills:
 + Level 5.9 Fighting
 + Level 9.8 Axes
 + Level 7.1 Armour
 + Level 3.7 Dodging
 + Level 1.6 Stealth
 + Level 7.3 Shields


You had 8 spell levels left.
You didn't know any spells.
Your spell library contained the following spells:

 Spells                   Type           Power        Failure   Level  Hunger
 Confusing Touch          Hex            #.....       94%         1    ##.....
 Flame Tongue             Conj/Fire      #....        94%         1    ##.....
 Magic Dart               Conj           #...         94%         1    ##.....
 Summon Small Mammal      Summ           #...         94%         1    ##.....
 Blink                    Tloc           N/A          98%         2    ###....
 Call Imp                 Summ           #.......     98%         2    ###....
 Slow                     Hex            #.......     98%         2    ###....
 Throw Flame              Conj/Fire      #.....       98%         2    ###....
 Call Canine Familiar     Summ           #.......     100%        3    ####...
 Confuse                  Hex            #.......     100%        3    ####...
 Conjure Flame            Conj/Fire      #.......     100%        3    ####...
 Gell's Gravitas          Tloc           #.........   100%        3    ####...
 Inner Flame              Hex/Fire       #.......     100%        3    ####...
 Mephitic Cloud           Conj/Pois/Air  #.......     100%        3    ####...
 Summon Guardian Golem    Hex/Summ       #.......     100%        3    ####...
 Petrify                  Tmut/Erth      #.......     100%        4    #####..
 Sticky Flame             Conj/Fire      #.......     100%        4    #####..
 Summon Ice Beast         Ice/Summ       #.......     100%        4    #####..
 Summon Lightning Spire   Summ/Air       #.......     100%        4    #####..
 Fireball                 Conj/Fire      #.........   100%        5    ######.
 Metabolic Englaciation   Hex/Ice        #.........   100%        5    ######.
 Yara's Violent Unravell  Hex/Tmut       #.........   100%        5    ######.


Dungeon Overview and Level Annotations

Branches:
Dungeon (8/15)             Temple (1/1) D:4
   Lair: D:8-11

Altars:
Ashenzari
Dithmenos
Gozag
Hepliaklqana
Kikubaaqudgha
Makhleb
Nemelex Xobeh
Qazlal
Ru
Sif Muna
Uskayaw
Vehumet
Xom
Yredelemnul
Zin
The Shining One

Shops:
D:6 :


Innate Abilities, Weirdness & Mutations

You are resistant to damage.
You can heal yourself by infusing magical energy.
You passively map the area around you.
You do not regenerate.


Message History

The two-headed ogre is heavily wounded.
You closely miss the adder. The adder bites you but does no damage.
The two-headed ogre hits you with a +0 giant club! x2
The adder barely misses you.
You hit the two-headed ogre.
The two-headed ogre is heavily wounded.
You barely miss the adder. The adder bites you but does no damage.
You slash the two-headed ogre!
The two-headed ogre is severely wounded.
You completely miss the adder.
The two-headed ogre hits you with a +0 giant club!!
* * * LOW HITPOINT WARNING * * *
The two-headed ogre closely misses you. You block the adder's attack.
You hit the two-headed ogre but do no damage.
The two-headed ogre is severely wounded.
You closely miss the adder. You block the adder's attack.
You block the two-headed ogre's attack.
The two-headed ogre hits you with a +0 giant club!
You die...
Xom cackles wildly!

.....#### #..# #####..# #
####....#########..# #......# #
..)####............#####.....# ##
##.##########...##.##........# #.
#))....######...............# #.
######.........##.####..(...###.
###......###.##............
#######.[.###..##S....##.....##..
........#####..O@..#######..##..#
######### ##............##.....##
#...####..###.........#
#.#..............#....#
####.#........[.......####
#...................###
#...................# ###
#...................#
..##########.........>.....#


You could see a two-headed ogre and an adder.

Vanquished Creatures
  Grinder (D:6)
  A hippogriff (D:7)
  Eustachio (D:4)
  Edmund (D:6)
  Duvessa (D:6)
  2 sky beasts (D:6)
  A black bear (D:7)
  An ice beast (D:6)
  4 phantoms
  2 ogres (D:6)
  A crocodile (D:7)
  A centaur (D:7)
  2 bullfrogs (D:7)
  2 gnoll sergeants (D:7)
  Dowan (D:6)
  A wyvern skeleton (D:7)
  2 scorpions (D:5)
  3 wights (D:7)
  4 howler monkeys
  2 bullfrog zombies
  2 crimson imps
  A jelly (D:7)
  4 hounds
  4 orc priests
  A gnoll shaman (D:4)
  An orc wizard (D:3)
  Terence (D:3)
  An iguana (D:4)
  4 worker ants
  A hound zombie (D:6)
  2 worker ant zombies
  10 gnolls
  9 adders
  4 shadow imps
  An adder zombie (D:6)
  4 worms
  An adder skeleton (D:6)
  2 dart slugs
  8 leopard geckos
  18 orcs
  7 giant cockroaches
  7 goblins
  10 hobgoblins
  15 jackals
  2 quokkas
  A ball python (D:5)
  14 bats
  4 frilled lizards
  5 kobolds
  A quokka skeleton (D:2)
  A quokka zombie (D:5)
  8 rats
188 creatures vanquished.

Vanquished Creatures (collateral kills)
  An orc (D:6)
1 creature vanquished.

Vanquished Creatures (others)
  A hound (D:6)
  A bat (D:2)
  A goblin (D:2)
  A hobgoblin (D:2)
4 creatures vanquished.

Grand Total: 193 creatures vanquished

Notes
Turn   | Place    | Note
-------+----------+-------------------------------------------
     0 | D:1      | MegaHamster the Deep Dwarf Fighter began the quest for the
                  | Orb.
     0 | D:1      | Reached XP level 1. HP: 20/20 MP: 1/1
    10 | D:1      | You fall into a shaft and drop 1 floor!
    80 | D:2      | Reached XP level 2. HP: 27/27 MP: 2/2
   377 | D:2      | Reached XP level 3. HP: 30/34 MP: 3/3
   501 | D:2      | Found a radiant altar of Vehumet.
   839 | D:1      | Reached skill level 3 in Axes
  1282 | D:1      | Reached XP level 4. HP: 36/42 MP: 4/4
  1486 | D:3      | Reached skill level 1 in Dodging
  1504 | D:3      | Noticed Terence
  1514 | D:3      | Killed Terence
  1514 | D:3      | Reached XP level 5. HP: 38/49 MP: 5/5
  1590 | D:3      | Reached skill level 4 in Axes
  1760 | D:3      | Noticed a phantom
  1839 | D:3      | Killed a phantom
  1839 | D:3      | Reached XP level 6. HP: 24/56 MP: 6/6
  2330 | D:4      | Found a staircase to the Ecumenical Temple.
  2344 | Temple   | Entered the Ecumenical Temple
  2351 | Temple   | Became a worshipper of Xom of Chaos
  2357 | Temple   | XOM: divination: detect creatures
  2459 | D:4      | Found a glowing golden altar of the Shining One.
  2530 | D:4      | Noticed Eustachio
  2555 | D:4      | XOM: scenery: create altars
  2558 | D:4      | XOM: cast spell 'Leda's Liquefaction'
  2562 | D:4      | Reached skill level 5 in Axes
  2575 | D:4      | XOM: blink monster(s)
  2604 | D:4      | XOM: cast spell 'Ring of Flames'
  2610 | D:4      | Killed Eustachio
  2610 | D:4      | Reached skill level 5 in Shields
  2610 | D:4      | Reached XP level 7. HP: 40/64 MP: 7/7
  2774 | D:4      | Found a sparkling altar of Nemelex Xobeh.
  2802 | D:4      | Reached skill level 5 in Armour
  2909 | D:5      | Entered Level 5 of the Dungeon
  3005 | D:5      | XOM: harmless Tloc miscast
  3053 | D:5      | XOM: potion effect (curing)
  3055 | D:5      | XOM: noise
  3062 | D:5      | Reached skill level 6 in Axes
  3070 | D:5      | XOM: scenery: 1 doors open, 1 doors close
  3078 | D:5      | XOM: noise
  3138 | D:5      | XOM: mild Erth miscast
  3163 | D:5      | Found a sacrificial altar of Ru.
  3329 | D:5      | XOM: confusion
  3337 | D:5      | XOM: torment (29/66 hp)
  3344 | D:5      | Reached XP level 8. HP: 54/73 MP: 4/4
  3351 | D:5      | XOM: summons 3 friendly demons
  3380 | D:5      | XOM: 6-stop teleportation journey
  3710 | D:5      | XOM: 4-stop teleportation journey
  3833 | D:5      | XOM: god gift: knobbly glowing staff {god gift}
  3969 | D:6      | Found Utyomui's Book Shop.
  3994 | D:6      | XOM: summons 2 friendly demons
  4001 | D:6      | Reached skill level 7 in Axes
  4052 | D:6      | XOM: destruction
  4112 | D:6      | Noticed Edmund
  4123 | D:6      | Killed Edmund
  4132 | D:6      | XOM is BORED!
  4132 | D:6      | XOM: noise
  4168 | D:6      | Noticed Duvessa
  4168 | D:6      | Noticed Dowan
  4192 | D:6      | Killed Duvessa
  4199 | D:6      | Killed Dowan
  4219 | D:7      | XOM: confuse monster(s)
  4255 | D:6      | XOM: god gift: fuming brown potion {god gift}
  4296 | D:6      | XOM: harmless Erth miscast
  4300 | D:6      | Noticed Grinder
  4304 | D:6      | Reached skill level 5 in Fighting
  4311 | D:6      | XOM: enchant monster (good)
  4326 | D:6      | Reached skill level 8 in Axes
  4343 | D:6      | XOM: harmless Hex miscast
  4363 | D:6      | Killed Grinder
  4437 | D:6      | XOM: confusion (+ monsters)
  4444 | D:6      | Gained mutation: You passively map the area around you.
                  | [Deep Dwarf growth]
  4444 | D:6      | Reached XP level 9. HP: 66/81 MP: 5/5
  4455 | D:6      | Found an ancient bone altar of Kikubaaqudgha.
  4455 | D:6      | Found a sparkling altar of Nemelex Xobeh.
  4457 | D:6      | Found a hide-covered altar of Uskayaw.
  4460 | D:6      | Found a stormy altar of Qazlal.
  4461 | D:6      | Found a shimmering blue altar of Sif Muna.
  4461 | D:6      | Found a basalt altar of Yredelemnul.
  4461 | D:6      | Found a shadowy altar of Dithmenos.
  4464 | D:6      | Found a hazy altar of Hepliaklqana.
  4466 | D:6      | Found an opulent altar of Gozag.
  4668 | D:7      | XOM: cast spell 'Olgreb's Toxic Radiance'
  4673 | D:7      | XOM: 1-stop teleportation journey
  4728 | D:7      | Reached skill level 1 in Stealth
  4729 | D:7      | Reached skill level 9 in Axes
  4753 | D:7      | XOM: harmless Tloc miscast
  4789 | D:7      | XOM: potion effect (curing)
  4791 | D:7      | XOM: harmless Summ miscast
  4791 | D:7      | HP: 4/81 [orc priest/divine providence (13)]
  4818 | D:7      | XOM: potion effect (might)
  4828 | D:7      | XOM: harmless Hex miscast
  4833 | D:7      | XOM: smoke on damage
  4847 | D:7      | XOM: divination: detect items
  4857 | D:7      | XOM: divination: magic mapping
  4994 | D:7      | XOM: silly message
  5137 | D:7      | XOM: cloud trail
  5262 | D:8      | Noticed a death yak
  5296 | D:8      | Noticed a two-headed ogre
  5311 | D:7      | Slain by a two-headed ogre

Levels and vault maps discovered:
D:1:      lightli_arrival_noodles, layout_rooms
D:2:      layout_loops_corners, fiery_altar_vehumet
D:3:      minmay_general_purpose_star, layout_basic, uniq_terence
D:4:      kennysheep_big_flooded_room, layout_rooms, tso_metal_star,
          minmay_temple_entry_wispy, nemelex_diamond_rough_becter,
          uniq_eustachio
D:5:      layout_basic, nicolae_ru_awakened_eye, first_ration
D:6:      layout_rooms, minitemple, serial_shops, shop,
          kennysheep_windowed_goal, uniq_edmund, uniq_grinder, uniq_duvessa
D:7:      layout_rooms
D:8:      layout_rooms, dpeg_lair_monsters
Temple:   compressed_dpeg_triangle_lava_temple

Skill      XL: |  1  2  3  4  5  6  7  8  9 |
---------------+----------------------------+-----
Fighting       | 3 4 5 |  5.9
Axes           | 3 4 5 6 8 9 |  9.8
Shields        | 4 5 6 7 |  7.3
Dodging        | 1 2 3 |  3.7
Armour         | 4 5 6 7 |  7.1
Stealth        | 1 |  1.6

Action                   |  1- 3 |  4- 6 |  7- 9 || total
-------------------------+-------+-------+-------++-------
Melee: War axe           |   160 |   255 |   350 ||   765
 Abil: Heal Wounds       |     1 |     7 |    20 ||    28
 Stab: Confused          |       |       |     1 ||     1
  Eat: Ration            |       |     2 |     3 ||     5
Armor: Scale mail        |   101 |   141 |   167 ||   409
Dodge: Dodged            |    57 |   112 |   172 ||   341
Block: Shield            |    97 |   189 |   241 ||   527
